 Dungeon Crawl Stone Soup version 0.25-a0-510-ge065f6de7d (webtiles) character file.

Game seed: 18333551784901752680, levelgen mode: deterministic

140 Eurus the Conjurer (level 5, -4/38 HPs)
             Began as a Mummy Conjurer on Feb 15, 2020.
             Was an Initiate of Ashenzari.
             Slain by a worm (10 damage)
             ... in a sewer.
             The game lasted 00:08:21 (3378 turns).

Eurus the Conjurer (Mummy Conjurer)                 Turns: 3378, Time: 00:08:22

Health: -4/38      AC:  6    Str: 11    XL:     5   Next: 2%
Magic:  1/10       EV: 11    Int: 15    God:    Ashenzari [......]
Gold:   214        SH:  5    Dex: 13    Spells: 4/11 levels left

rFire    x . .     SeeInvis .   c - +0 dagger (venom)
rCold    + . .     Gourm    .   (no shield)
rNeg     + + +     Faith    .   g - +2 leather armour {MR+}
rPois    ∞         Spirit   .   d - +0 helmet
rElec    .         Reflect  +   (no cloak)
rCorr    .         Harm     .   (no gloves)
MR       ++...                  (no boots)
Stlth    ++........             i - +5 amulet of reflection
HPRegen  0.12/turn              h - ring of protection from magic
MPRegen  0.12/turn              (no ring)

@: no status effects
A: no food or potions, fire vulnerability, cold resistance 1, negative energy
resistance 3, torment resistance, unbreathing
a: Curse Item, Renounce Religion


You were in a sewer.
You worshipped Ashenzari.
Ashenzari was noncommittal.
You were not hungry.

You visited 2 branches of the dungeon, and saw 5 of its levels.
You also visited: Sewer.

You collected 214 gold pieces.

Inventory:

Hand Weapons
 c - a +0 dagger of venom (weapon)
Armour
 d - a +0 helmet (worn)
 g - a +2 leather armour of magic resistance (worn)
Jewellery
 e - an uncursed ring of flight
 h - a ring of protection from magic (left hand)
 i - a +5 amulet of reflection (around neck)
 j - an uncursed amulet of regeneration
Scrolls
 b - a scroll of identify
 f - 3 scrolls of remove curse


   Skills:
 + Level 2.1 Fighting
 + Level 0.6 Armour
 - Level 1.5 Dodging
 - Level 1.5 Stealth
 + Level 3.9 Spellcasting
 + Level 4.2 Conjurations
 + Level 0.5 Translocations


You had 4 spell levels left.
You knew the following spells:

 Your Spells              Type           Power        Failure   Level  Hunger
a - Magic Dart            Conj           ###.         4%          1    N/A
b - Searing Ray           Conj           ###...       6%          2    N/A
c - Iskenderun's Mystic   Conj/Tloc      ##......     65%         4    N/A

Your spell library contained the following spells:

 Spells                   Type           Power        Failure   Level  Hunger
 Dazzling Flash           Conj/Hex       #.....       30%         3    N/A
 Fulminant Prism          Conj/Hex       #.........   71%         4    N/A

Dungeon Overview and Level Annotations

Branches:
Dungeon (4/15)             Temple (1/1) D:4           Sewer (1/1)

Altars:
Ashenzari
Dithmenos
Elyvilon
Makhleb
Okawaru
Qazlal
Ru
Sif Muna
Trog
Vehumet
Xom
Zin
Lugonu


Innate Abilities, Weirdness & Mutations

You do not eat or drink.
Your flesh is vulnerable to fire.
You are immune to poison.
Your flesh is cold resistant. (rC+)
You are immune to negative energy. (rN+++)
You are immune to unholy pain and torment.
You can survive without breathing.


Message History

You block the ball python's attack.
You kill the worm!
You have reached level 5!
You feel agile.
You kill the ball python!
Casting: Searing Ray (safe; 6% risk of failure)
Confirm with . or Enter, or press ? or * to list all spells.
Aiming: Searing Ray (safe; 6% risk of failure)
Press: ? - help, Shift-Dir - straight line, f - worm
Aim: a worm The searing ray hits the worm!
The worm is heavily wounded. (Press . to maintain the ray.)
The worm bites you.
* * * LOW HITPOINT WARNING * * *
The searing ray hits the worm!
The worm is almost dead.
Without enough magic to sustain it, your searing ray dissipates.
The worm bites you!
You die...

#####
##.†.#
##...†##
#.....∩#
#......#
#...w.##
##..@.#
##..##
#..#
...#
##..#
#≈≈.
#≈≈.
#.≈≈


You could see a worm.

Vanquished Creatures
  4 gnolls (D:4)
  An adder (D:3)
  3 oozes
  3 worms
  3 dart slugs
  3 leopard geckos
  An orc (D:2)
  8 bats
  3 giant cockroaches
  7 goblins
  7 hobgoblins
  2 jackals (D:1)
  2 ball pythons (Sewer)
  3 frilled lizards
  6 kobolds
  3 rats
59 creatures vanquished.

Notes
Turn   | Place    | Note
-------+----------+-------------------------------------------
     0 | D:1      | Eurus the Mummy Conjurer began the quest for the Orb.
     0 | D:1      | Reached XP level 1. HP: 13/13 MP: 4/4
   381 | D:1      | Reached XP level 2. HP: 19/20 MP: 2/5
   389 | D:1      | Learned a level 2 spell: Searing Ray
   812 | D:1      | Reached skill level 1 in Fighting
  1002 | D:1      | Reached XP level 3. HP: 26/26 MP: 3/7
  1159 | D:2      | Found a white marble altar of Elyvilon.
  1822 | D:2      | Found a shimmering blue altar of Sif Muna.
  2077 | D:3      | Reached skill level 4 in Conjurations
  2077 | D:3      | Reached XP level 4. HP: 27/33 MP: 4/9
  2440 | D:3      | Found a glowing silver altar of Zin.
  2441 | D:3      | Noticed an angel
  2895 | D:4      | Found a burning altar of Makhleb.
  2954 | D:4      | Learned a level 4 spell: Iskenderun's Mystic Blast
  3174 | D:4      | Found an iron altar of Okawaru.
  3196 | D:4      | Found a staircase to the Ecumenical Temple.
  3205 | Temple   | Entered the Ecumenical Temple
  3236 | Temple   | Became a worshipper of Ashenzari the Shackled
  3302 | D:4      | Found a glowing drain.
  3356 | Sewer    | Entered a sewer
  3374 | Sewer    | Reached XP level 5. HP: 8/38 MP: 3/10
  3378 | Sewer    | Slain by a worm

Levels and vault maps discovered:
D:1:      lemuel_arrival_room, layout_rooms, minmay_pentomino_v2
D:2:      layout_loops_ring, lemuel_crystal_altar, first_ration,
          elyvilon_altar_3
D:3:      layout_basic, zin_angel
D:4:      minmay_chambers_of_threes, layout_basic, lightli_temple_of_fire,
          nicolae_overflow_crystal_walls, minmay_temple_entry_junction_2,
          cheibrodos_sewer_entry_bend, kennysheep_generic_room_5
Temple:   corrupted_temple
Sewer:    sewer_fruit_machine

Skill      XL: |  1  2  3  4 |
---------------+-------------+-----
Spellcasting   | 3 |  3.9
Fighting       | 1 2 |  2.1
Conjurations   | 4 |  4.2
Armour         | |  0.6
Dodging        | |  1.5
Stealth        | |  1.5
Translocations | |  0.5

Action                   |  1- 3 |  4- 6 || total
-------------------------+-------+-------++-------
Melee: Unarmed           |    18 |       ||    18
       Dagger            |    64 |    53 ||   117
 Cast: Magic Dart        |    49 |     5 ||    54
       Searing Ray       |     1 |     5 ||     6
  Use: Scroll            |       |     4 ||     4
 Stab: Sleeping          |     1 |       ||     1
Armor: Robe              |    22 |     5 ||    27
       Leather armour    |       |     7 ||     7
Dodge: Dodged            |    56 |    24 ||    80
Block: Other             |       |    15 ||    15

Table legend:
 A = Non-vault XP
 B = Vault XP
 C = Vault XP percentage of total XP
 D = Non-vault monster count
 E = Vault monster count
 F = Vault count percentage of total count
                 A         B        C        D         E       F
            +---------+---------+-------+---------+---------+-------
      Total |     178 |      23 |  11.4 |      51 |       8 |  13.6
            +---------+---------+-------+---------+---------+-------
        D:1 |      44 |       4 |   8.3 |      19 |       2 |   9.5
        D:2 |      28 |       0 |   0.0 |      13 |       0 |   0.0
        D:3 |      39 |       0 |   0.0 |      13 |       0 |   0.0
        D:4 |      67 |      10 |  13.0 |       6 |       2 |  25.0
      Sewer |       0 |       9 | 100.0 |       0 |       4 | 100.0
            +---------+---------+-------+---------+---------+-------
